Map: Dreamcatcher LE

Players

Vond - Winner!

  • Race: Zerg Zerg
  • League: Platinum
  • Spawn Location: 11:00

rauskimon

  • Race: Protoss Protoss
  • League: Diamond
  • Spawn Location: 5:00

VOD

Have the link to the VOD?

Description

Failed protoss cheese into failed protoss cheese into failed protoss cheese

Time

  • Played on: Aug. 9, 2018, 2:51 p.m.
  • Length: 4:20
Show
View Real Time Build Order
Export as new Build Order

Vond Zerg - Winner!

Build Orders: Hatch First 

Get SALT Encoding   

  12  0:01  Drone  
  13  0:12  Overlord  
  13  0:17  Drone  
  14  0:30  Drone  
  14  0:31  Drone  
  16  0:49  Hatchery  
  15  0:52  Drone  
  16  1:01  Drone x2  
  18  1:07  Extractor  
  17  1:16  Spawning Pool  
  17  1:17  Drone  
  17  1:21  Drone  
  18  1:31  Drone  
  19  1:52  Overlord  
  19  2:09  Queen  
  19  2:10  Zergling x6  
  24  2:22  Queen  
  26  2:35  Metabolic Boost  
  26  2:42  Drone x4  
  26  2:44  Drone  
  31  3:02  Overlord  
  31  3:05  Drone  
  31  3:06  Drone x3  
  31  3:08  Lair  
  35  3:27  Drone x4  
  39  3:34  Queen  
  41  3:46  Extractor  
  41  3:47  Extractor  
  39  3:58  Roach Warren  
  39  3:59  Spore Crawler  
  39  4:00  Spore Crawler  
  39  4:01  Drone x3  
  39  4:02  Drone  
  40  4:05  Drone x4  
Show
View Real Time Build Order
Export as new Build Order

rauskimon Protoss 

Build Orders:  

Get SALT Encoding   

  12  0:03  Probe  
  13  0:15  Probe  
  13  0:20  Pylon  
  14  0:27  Probe  
  15  0:38  Probe  
  15  0:39  Forge  
  16  0:51  Probe  
  16  0:52  Gateway  
  17  1:03  Probe  
  18  1:07  Assimilator  
  18  1:15  Probe, Assimilator  
  19  1:27  Probe  
  20  1:38  Pylon  
  21  1:40  Pylon  
  21  1:42  Pylon  
  21  1:46  Pylon  
  20  1:55  Pylon  
  20  1:59  Probe  
  20  2:02  Zealot  
  22  2:09  Probe  
  23  2:17  Probe  
  24  2:23  Cybernetics Core  
  24  2:30  Photon Cannon  
  24  2:37  Probe  
  25  2:49  Pylon  
  25  2:53  Probe  
  26  3:15  Nexus  
  26  3:27  Stargate  
  25  3:39  Stargate  
  25  3:44  Pylon  
  25  3:56  Stargate  
  25  4:02  Probe  
  26  4:05  Pylon  
Tags
 
Add a new tag
Caveats
  • Supply blocks, unpowered buildings, or Contaminate may cause inaccurate times.
  • Supply counts are checked every 10 seconds.